 Dungeon Crawl Stone Soup version 0.30-a0-989-g0d87f670db (webtiles) character file.

Game seed: 16046109372841297284

716 ytrimaz the Transmogrifier (level 7, -1/38 HPs)
             Began as a Spriggan Transmuter on Apr 3, 2023.
             Slain by a scorpion (6 damage)
             ... on level 5 of the Dungeon.
             The game lasted 00:07:45 (4017 turns).

ytrimaz the Transmogrifier (Spriggan Transmuter)    Turns: 4017, Time: 00:07:46

Health: -1/38      AC:  7    Str:  6    XL:     7   Next: 41%
Magic:  14/18      EV: 10    Int: 17    God:
Gold:   187        SH:  0    Dex: 15    Spells: 11/20 levels left

rFire   x . .      SeeInvis +      - Unarmed
rCold   + + +      Faith    .    (shield currently unavailable)
rNeg    + . .      Spirit   .    a - melded +1 robe
rPois   +          Reflect  .    (helmet currently unavailable)
rElec   .          Rampage  .    (cloak currently unavailable)
rCorr   .                        (gloves unavailable)
Will    +....                    (boots unavailable)
Stlth   +                        (no amulet)
HPRegen 0.26/turn                g - ring of positive energy
MPRegen 0.16/turn                (no ring)

@: ice-form
A: freezing attack, amphibious, boosted hp, large, no large weapons, unfitting
armour, see invisible, (speed 3)
a: End Transformation


You were on level 5 of the Dungeon.
You were a creature of crystalline ice.
You visited 1 branch of the dungeon, and saw 5 of its levels.

You collected 187 gold pieces.


Innate Abilities, Weirdness & Mutations

You are a creature of crystalline ice.
You have a powerful freezing melee attack.
You are amphibious.
Your maximum health is increased.
Your armour is entirely melded.
You are incapable of wielding weapons or throwing items.
You are very small and have problems with some larger weapons.
You are too small for most types of armour.
You have supernaturally acute eyesight. (SInv)
((You cover ground extremely quickly. (Speed+++)))


   Skills:
 - Level 0.7 Fighting
 - Level 2.6 Dodging
 - Level 2.4 Unarmed Combat
 + Level 7.4 Spellcasting
 + Level 8.0 Transmutations


You had 11 spell levels left.
You knew the following spells:

 Your Spells              Type           Power      Damage    Failure   Level
b - Wereblood             Tmut           33%        N/A       1%          2
c - Spider Form           Tmut/Pois      20%        N/A       6%          3
d - Ice Form              Ice/Tmut       20%        N/A       22%         4

Your spell library contained the following spells:

 Spells                   Type           Power      Damage    Failure   Level
 Beastly Appendage        Tmut           66%        N/A       1%          1
 Magic Dart               Conj           24%        1d4       11%         1
 Slow                     Hex            24%        N/A       11%         1
 Call Imp                 Summ           6%         N/A       17%         2
 Confusing Touch          Hex            6%         N/A       32%         3
 Kindle Blastsparks       Fire/Tloc/Air  12%        2d11      32%         3
 Mephitic Cloud           Conj/Pois/Air  6%         N/A       32%         3
 Vampiric Draining        Necr           6%         2d6       32%         3
 Airstrike                Air            3%         2d(1-17)  73%         4
 Fulminant Prism          Conj/Hex       3%         3d5       73%         4
 Iskenderun's Mystic Bla  Conj/Tloc      6%         2d4       73%         4
 Summon Lightning Spire   Summ/Air       6%         N/A       73%         4
 Lee's Rapid Deconstruct  Erth           3%         3d5*      97%         5
 Plasma Beam              Fire/Air       3%         2x1d9     97%         5

Inventory:

Armour
 a - a +1 robe (melded)
Jewellery
 g - a ring of positive energy (left front paw)
   (You found it on level 4 of the Dungeon)
Scrolls
 c - a scroll of blinking
 d - a scroll of noise
 e - a scroll of enchant armour
Potions
 b - 2 potions of cancellation
 f - a potion of flight
 h - a potion of curing
 i - a potion of degeneration {unknown}
 j - a potion of mutation {unknown}

Dungeon Overview and Level Annotations

Branches:
Dungeon (5/15) Zot: 26862
 Temple: D:4-7

Altars:
Nemelex Xobeh

.....
....
#
#..>
#.#..
.#..
..#
#s#
#Y#
#.#
#<#
#.#
..#
....
#.#.#
#.#..
..###


You could see a scorpion.


Message History

g - a ring of positive energy (left hand)
j - a bubbling amethyst potion You now have 187 gold pieces (gained 10).
Found a stone staircase leading down.
You see here a +0 flail.
Key pressed, stopping explore.
You see here a +0 mace.
Items here: )) [[ รท.
There is an open gate here.
Key pressed, stopping explore.
Done exploring.
Done exploring.
Done exploring.
There is a sparkling altar of Nemelex Xobeh here.
You are not religious.
Unknown command.
Press < or > to pray at altars.
Okay, then.
Casting: Ice Form (extremely dangerous; 22% risk of failure)
Confirm with . or Enter, or press ? or * to list all spells.
Okay, then.
Done exploring.
Done exploring.
There is an open gate here.
There is a stone staircase leading down here.
You climb downwards.
The iguana hisses angrily.
There is a stone staircase leading up here.
Casting: Ice Form (extremely dangerous; 22% risk of failure)
Confirm with . or Enter, or press ? or * to list all spells.
You turn into a venomous arachnid creature.
Your +1 robe melds into your body. ๐Ÿ˜Ž MP[-3]
You lost 3 mp, and now have 15/18 mp.
Found a stone staircase leading down.
A scorpion comes into view.
You hit the iguana but do no damage.
Your transformation is almost over.
An orc comes into view. It is wielding a +0 hand axe.
The iguana closely misses you.
You completely miss the iguana.
The orc shouts!
You hit the iguana but do no damage.
The iguana is poisoned.
The iguana completely misses you. ๐Ÿ˜Ž MP[+1]
You hit the iguana.
The iguana looks as sick as possible!
The iguana bites you! ๐Ÿ˜ฎ HP[-12]
You take 12 damage, and now have 20/32 hp.
MASSIVE DAMAGE!! (PAUSE)
You are too injured to fight recklessly!
You hit the iguana but do no damage. The iguana bites you!
* * * LOW HITPOINT WARNING * * *
๐Ÿ˜จ HP[-8]
You take 8 damage, and now have 12/32 hp.
MASSIVE DAMAGE!! (PAUSE)
Casting: Spider Form (quite dangerous; 17% risk of failure)
Confirm with . or Enter, or press ? or * to list all spells.
The spell is astonishingly dangerous to miscast (43% risk of failure)!
Continue anyway?
Your transformation has ended.
Your +1 robe unmelds from your body.
You turn into a creature of crystalline ice.
Your +1 robe melds into your body.
The iguana bites you.
* * * LOW HITPOINT WARNING * * *
๐Ÿ˜ฑ HP[-3] MP[-4]
You now have 38 max hp (+6).
You lost 4 mp, and now have 12/18 mp.
Unknown command.
Unknown command.
You hit the iguana. You freeze the iguana.
You kill the iguana!
You barely miss the orc. The orc hits you but does no damage.
Unknown command.
You punch the orc! You freeze the orc.
You kill the orc!
You hit the scorpion. You freeze the scorpion.
The scorpion stings you but does no damage. ๐Ÿ˜จ HP[+1] MP[+1] Unknown command.
You hit the scorpion but do no damage.
The scorpion stings you but does no damage.
Unknown command.
You completely miss the scorpion. The scorpion closely misses you.
You barely miss the scorpion.
The scorpion stings you but does no damage.
Unknown command.
You barely miss the scorpion. The scorpion misses you. ๐Ÿ˜จ HP[+1]
You hit the scorpion. You freeze the scorpion. The scorpion closely misses you.
Unknown command.
You barely miss the scorpion. The scorpion closely misses you.
The scorpion stings you.
* * * LOW HITPOINT WARNING * * *
๐Ÿ˜ฑ HP[-2] MP[+1]
You take 2 damage, and now have 9/38 hp.
You barely miss the scorpion. The scorpion stings you.
* * * LOW HITPOINT WARNING * * *
๐Ÿ˜ฑ HP[-5]
You take 5 damage, and now have 4/38 hp.
Unknown command.
You hit the scorpion. You freeze the scorpion. The scorpion stings you.
You die...

Skill      XL: |  1  2  3  4  5  6  7 |
---------------+----------------------+-----
Transmutations | 3 4 6 7 8 |  8.0
Spellcasting   | 3 4 5 6 7 |  7.4
Fighting       | |  0.7
Dodging        | |  2.6
Unarmed Combat | |  2.4

Action                     |  1- 3 |  4- 6 |  7- 9 || total
---------------------------+-------+-------+-------++-------
  Melee: Unarmed           |    88 |   160 |    68 ||   316
         Kick              |    20 |     2 |       ||    22
         Headbutt          |    12 |     1 |       ||    13
   Cast: Beastly Appendage |    15 |     2 |       ||    17
         Spider Form       |     1 |    22 |     3 ||    26
         Ice Form          |       |     2 |     6 ||     8
         Wereblood         |       |       |     1 ||     1
    Use: Potion            |     1 |     2 |       ||     3
         Scroll            |     1 |     6 |     1 ||     8
   Stab: Sleeping          |       |     2 |       ||     2
 Armour: Skin              |     6 |    11 |     9 ||    26
         Robe              |     2 |     5 |       ||     7
  Dodge: Dodged            |    66 |   112 |    32 ||   210

Levels and vault maps discovered:
D:1:      saegor_arrival_miasma, layout_loops_ring
D:2:      layout_rooms, hellmonk_ecumenical_altar_run_dry,
          minmay_misc_feat_encased, grunt_decor_mini_mirrors,
          minmay_close_crescents, uniq_sigmund, uniq_terence, uniq_robin
D:3:      layout_basic, uniq_natasha
D:4:      minmay_inner_zag, layout_rooms, nemelex_altar_shiori,
          dreamdust_princess_corridor
D:5:      minmay_chambers_of_threes, layout_basic, okawaru_altar_gauntlet_db,
          nicolae_overflow_hidden_temple, grunt_decor_fettered,
          hangedman_abyss_or_decor_lesser_grid

Notes
Turn   | Place    | Note
-------+----------+-------------------------------------------
     0 | D:1      | ytrimaz the Spriggan Transmuter began the quest for the
                  | Orb.
     0 | D:1      | Reached XP level 1. HP: 9/9 MP: 5/5
     0 | D:1      | magus.rc [v1.9.6]
    62 | D:1      | You pick up a book of Minor Magic and begin reading...
    62 | D:1      | You add the spells Magic Dart, Call Imp and Mephitic Cloud
                  | to your library.
   122 | D:1      | Reached skill level 3 in Transmutations
   143 | D:1      | Reached skill level 3 in Spellcasting
   170 | D:1      | Reached XP level 2. HP: 14/14 MP: 2/7
   721 | D:1      | HP: 3/14 [ball python (2)]
   791 | D:2      | Noticed Robin
   874 | D:2      | Noticed Terence
   897 | D:2      | Killed Terence
   898 | D:2      | Reached skill level 4 in Spellcasting
   898 | D:2      | Reached skill level 4 in Transmutations
   898 | D:2      | Reached XP level 3. HP: 17/17 MP: 7/9
   948 | D:2      | You pick up a book of Debilitation and begin reading...
   948 | D:2      | You add the spells Slow, Vampiric Draining and Confusing
                  | Touch to your library.
   952 | D:2      | Learned a level 2 spell: Wereblood
   963 | D:2      | Learned a level 3 spell: Spider Form
  1006 | D:2      | Reached XP level 4. HP: 16/21 MP: 9/11
  1061 | D:2      | You pick up a book of Storms and begin reading...
  1061 | D:2      | You add the spells Airstrike, Summon Lightning Spire and
                  | Plasma Beam to your library.
  1184 | D:2      | HP: 5/21 [hobgoblin (4)]
  1377 | D:2      | Found a faded altar of an unknown god.
  1377 | D:2      | Noticed Sigmund
  1386 | D:2      | HP: 3/21 [Sigmund/+0 scythe (11)]
  1396 | D:2      | Killed Sigmund
  1397 | D:2      | Reached skill level 5 in Spellcasting
  1397 | D:2      | Reached skill level 6 in Transmutations
  1397 | D:2      | Reached XP level 5. HP: 10/25 MP: 3/14
  1402 | D:2      | Learned a level 4 spell: Ice Form
  1521 | D:2      | Killed Robin
  1522 | D:2      | Reached XP level 6. HP: 22/29 MP: 6/15
  2264 | D:3      | Reached skill level 6 in Spellcasting
  2462 | D:3      | Noticed Natasha
  2472 | D:3      | Killed Natasha
  2577 | D:3      | Noticed Natasha
  2588 | D:3      | Killed Natasha
  2590 | D:3      | You pick up a book of Blasting and begin reading...
  2590 | D:3      | You add the spells Kindle Blastsparks, Fulminant Prism,
                  | Iskenderun's Mystic Blast and Lee's Rapid Deconstruction to
                  | your library.
  2734 | D:3      | Noticed Natasha
  2747 | D:3      | Killed Natasha
  3197 | D:4      | Reached skill level 7 in Transmutations
  3336 | D:4      | Reached XP level 7. HP: 32/32 MP: 11/18
  3465 | D:4      | Reached skill level 7 in Spellcasting
  3765 | D:4      | Reached skill level 8 in Transmutations
  3851 | D:4      | Found a sparkling altar of Nemelex Xobeh.
  3996 | D:5      | Entered Level 5 of the Dungeon
  4005 | D:5      | HP: 9/38 [iguana (6)]
  4015 | D:5      | HP: 9/38 [scorpion (2)]
  4016 | D:5      | HP: 4/38 [scorpion (5)]
  4017 | D:5      | Slain by a scorpion

Vanquished Creatures
  Sigmund (D:2)
  2 scorpions (D:4)
  A jelly (D:4)
  An orc priest (D:4)
  2 iguanas
  Terence (D:2)
  Natasha (thrice) (D:3)
  Robin (D:2)
  3 gnolls (D:4)
  5 adders
  A shadow imp (D:3)
  An ufetubus (D:3)
  2 worms
  5 dart slugs
  10 orcs
  8 bats
  7 endoplasms
  2 giant cockroaches (D:2)
  7 hobgoblins
  3 jackals (D:1)
  A quokka (D:4)
  5 ball pythons
  4 frilled lizards
  16 goblins
  6 kobolds
  3 rats
101 creatures vanquished.

Table legend:
 A = Non-vault XP
 B = Vault XP
 C = Vault XP percentage of total XP
 D = Non-vault monster count
 E = Vault monster count
 F = Vault count percentage of total count
                 A         B        C        D         E       F
            +---------+---------+-------+---------+---------+-------
      Total |     627 |     396 |  38.7 |      76 |      25 |  24.8
            +---------+---------+-------+---------+---------+-------
        D:1 |      35 |       1 |   2.8 |      17 |       1 |   5.6
        D:2 |      50 |     331 |  86.9 |      21 |      16 |  43.2
        D:3 |     150 |      35 |  18.9 |      16 |       1 |   5.9
        D:4 |     353 |      29 |   7.6 |      20 |       7 |  25.9
        D:5 |      39 |       0 |   0.0 |       2 |       0 |   0.0
            +---------+---------+-------+---------+---------+-------

Illustrated notes

Table legend:
 A = Kills in this place as a percentage of kills in the entire game.
 B = Kills by you in this place as a percentage of kills by you in the entire game.
 C = Kills by friends in this place as a percentage of kills by friends in the entire game.
 D = Other kills in this place as a percentage of other kills in the entire game.
 E = Experience gained in this place as a percentage of experience gained in the entire game.
 F = Experience gained in this place divided by the number of levels of this place that you have seen.
                   A       B       C       D       E      F
               +-------+-------+-------+-------+-------+----------------------
         Total | 100.0 | 100.0 |   N/A |   N/A | 100.0 | 204.6
       Dungeon | 100.0 | 100.0 |   N/A |   N/A | 100.0 | 204.6
               +-------+-------+-------+-------+-------+----------------------

Table legend: (Time is in decaauts)
 A = Elapsed time spent in this place.
 B = Non-inter-level travel time spent in this place.
 C = Inter-level travel time spent in this place.
 D = Time resting spent in this place.
 E = Time spent auto-exploring this place.
 F = Levels seen in this place.
 G = Mean time per level.
                   A        B        C        D        E       F      G
               +--------+--------+--------+--------+--------+-----+--------+
         Total |   3136 |   3022 |    114 |     72 |   2197 |   5 |  627.2 |
       Dungeon |   3136 |   3022 |    114 |     72 |   2197 |   5 |  627.2 |
               +--------+--------+--------+--------+--------+-----+--------+

Top non-repeatable levels by time:
     D:3: 1033 daAuts
     D:2: 902 daAuts
     D:4: 591 daAuts
     D:1: 588 daAuts
     D:5: 20 daAuts
